 Dungeon Crawl Stone Soup version 0.31-a0-198-g2ad674f65e (webtiles) character file.

Game seed: 16071498654481910964

223 qw the Skirmisher (level 5, -3/24 (29) HPs)
             Began as a Deep Elf Hunter on June 25, 2023.
             Slain by an orc
             ... wielding a +1 flail of draining
              (7 damage)
             ... on level 3 of the Dungeon.
             The game lasted 00:00:46 (1663 turns).

qw the Skirmisher (Deep Elf Hunter)                 Turns: 1663, Time: 00:00:47

HP:   -3/24 (29)    AC:  6    Str: 13    XL:     5   Next: 66%
MP:   7/7           EV: 12    Int:  9    God:
Gold: 112           SH:  0    Dex: 20    Spells: 4/4 levels left

rFire   . . .        Y - +1 shortbow
rCold   . . .        (shield currently unavailable)
rNeg    . . .        i - +0 ring mail
rPois   .            h - +0 helmet
rElec   +            (no cloak)
rCorr   +            (no gloves)
SInv    .            (no boots)
Will    .....        a - amulet "Beewep" {rElec Regen+ Str+5 Int-5}
Stlth   +            g - ring of resist corrosion
HPRegen 1.04/turn    (no ring)
MPRegen 0.10/turn

%: no passive effects
@: about to teleport, heavily drained
A: no striking features
a: no special abilities


You were on level 3 of the Dungeon.
You visited 1 branch of the dungeon, and saw 3 of its levels.

You collected 112 gold pieces.


   Skills:
 - Level 1.5 Fighting
 - Level 9.0 Ranged Weapons
 + Level 2.9 Dodging
 - Level 1.2 Stealth


You had 4 spell levels left.
You didn't know any spells.
Your spell library was empty.

Inventory:

Hand Weapons
 Y - a +1 shortbow (weapon)
Armour
 h - a +0 helmet (worn)
 i - a +0 ring mail (worn)
Jewellery
 a - the amulet "Beewep" (around neck) {rElec Regen+ Str+5 Int-5}
   (You acquired it on level 1 of the Dungeon)

   [amulet of regeneration]

   Str:       It affects your strength (+5).
   Int:       It affects your intelligence (-5).
   rElec:     It insulates you from electricity.
   Regen:     It increases your rate of health regeneration.
 g - a ring of resist corrosion (left hand)
Scrolls
 b - a scroll of identify
Potions
 d - a potion of brilliance {unknown}
 e - a potion of heal wounds
 j - a potion of ambrosia {unknown}
 k - a potion of enlightenment {unknown}

Dungeon Overview and Level Annotations

Branches:
Dungeon (3/15)

Altars:


Message History

Beogh smites you! The orc misses you. The orc closely misses you.
The orc barely misses you.
The orc hits you with a +1 flail of draining.
You feel drained.
You shoot an arrow. The arrow hits the orc.
The orc is lightly wounded.
The orc hits you but does no damage.
You feel drained.
You shoot an arrow. The arrow hits the orc.
The orc is heavily wounded.
The orc hits you but does no damage.
You feel drained. The orc hits you with a +0 mace.
You shoot an arrow. The arrow hits the orc!
You kill the orc!
The orc barely misses you. The orc closely misses you.
You shoot an arrow. The arrow completely misses the orc.
The arrow hits the orc priest but does no damage.
The orc closely misses you. The orc hits you but does no damage.
You feel drained. The orc barely misses you.
You shoot an arrow. The arrow closely misses the orc.
The orc hits you with a +0 flail. The orc closely misses you.
The orc hits you but does no damage.
You shoot an arrow.
The arrow hits the orc but does no damage.
The orc is lightly wounded.
The orc barely misses you. x2
The orc priest calls upon Beogh to heal the orc.
The orc's wounds heal themselves!
The orc misses you.
You shoot an arrow. The arrow hits the orc!
You kill the orc!
The orc misses you. The orc barely misses you.
You shoot an arrow. The arrow hits the orc priest.
The orc priest is moderately wounded.
The orc barely misses you.
The orc priest invokes the aid of Beogh against you.
Beogh smites you! The orc misses you.
1663 ||| READING scroll of teleportation.
As you read the scroll of teleportation, it crumbles to dust.
You feel strangely unstable.
The orc hits you with a +1 flail of draining!
You die...

#.......#
#.......##
##.........
........##
#.).......
...###.o......#
#......ooo......
#.######@#
#.##.....#
#.##.#####
#.##.# #.#..# .
####.#.##...#
###<(...)...#
#.%[[......##
#...........#


You could see an orc priest and 3 orcs.

Vanquished Creatures
  An orc priest (D:2)
  Natasha (thrice) (D:2)
  2 orc wizards (D:2)
  Robin (D:2)
  A dart slug (D:3)
  9 orcs
  3 bats
  2 endoplasms
  3 giant cockroaches
  6 hobgoblins
  4 kobolds
  A quokka (D:1)
  6 ball pythons
  A frilled lizard (D:2)
  12 goblins (D:2)
  3 rats
58 creatures vanquished.

Notes
Turn   | Place    | Note
-------+----------+-------------------------------------------
     0 | D:1      | qw the Deep Elf Hunter began the quest for the Orb.
     0 | D:1      | Reached XP level 1. HP: 12/12 MP: 3/3
     0 | D:1      | 0 ||| qw: Version: 0.3-a-22-g0ed2b0b
     0 | D:1      | 0 ||| qw: Game counter: 5412
     0 | D:1      | 0 ||| qw: Melee chars always use a shield: true
     0 | D:1      | 0 ||| qw: God list: Okawaru
     0 | D:1      | 0 ||| qw: Allow faded altars: false
     0 | D:1      | 0 ||| qw: Do Orc after clearing Dungeon:15 true
     0 | D:1      | 0 ||| qw: Do second Lair branch before Depths: true
     0 | D:1      | 0 ||| qw: Lair rune preference: random
     0 | D:1      | 0 ||| qw: Goals: Normal
     0 | D:1      | 0 ||| PLANNING D:1-11
   232 | D:1      | Reached skill level 6 in Ranged Weapons
   232 | D:1      | Reached XP level 2. HP: 16/16 MP: 4/4
   599 | D:1      | 599 ||| UPGRADING to +0 ring mail.
   609 | D:1      | 609 ||| DROPPING +0 leather armour.
   610 | D:1      | 610 ||| READING scroll labelled HUURAIT MAY.
   611 | D:1      | 611 ||| READING scroll labelled HIGARR OPYSHUHU.
   612 | D:1      | 612 ||| READING scroll labelled CAPETICEZO.
   613 | D:1      | 613 ||| READING scroll labelled REHOAXK YPSE.
   613 | D:1      | Identified a scroll of acquirement
   613 | D:1      | 613 ||| ACQUIRING amulet "Beewep" {rElec Regen+ Str+5
                  | Int-5}
   613 | D:1      | Acquired the amulet "Beewep" {rElec Regen+ Str+5 Int-5}
   615 | D:1      | 615 ||| UPGRADING to amulet "Beewep" {rElec Regen+ Str+5
                  | Int-5}.
   620 | D:1      | 620 ||| READING scroll labelled NUKKYO MEDOD.
   621 | D:1      | 621 ||| DROPPING scroll of butterflies.
   770 | D:2      | 770 ||| Stepping ~*~*~tactically~*~*~ (outnumbered).
   790 | D:2      | HP: 4/16 [something (1)]
   792 | D:2      | Reached skill level 7 in Ranged Weapons
   792 | D:2      | Reached XP level 3. HP: 4/20 MP: 5/5
   794 | D:2      | Reached XP level 4. HP: 7/25 MP: 6/6
   988 | D:2      | Noticed Robin
   992 | D:2      | Reached skill level 8 in Ranged Weapons
  1002 | D:2      | Killed Robin
  1050 | D:2      | Noticed Natasha
  1055 | D:2      | Killed Natasha
  1056 | D:2      | Reached XP level 5. HP: 29/29 MP: 7/7
  1184 | D:2      | Noticed Natasha
  1194 | D:2      | Killed Natasha
  1423 | D:2      | Noticed Natasha
  1428 | D:2      | Killed Natasha
  1429 | D:2      | Reached skill level 9 in Ranged Weapons
  1580 | D:2      | 1580 ||| UPGRADING to +0 helmet.
  1585 | D:2      | 1585 ||| DROPPING amulet of magic regeneration.
  1586 | D:2      | 1586 ||| UPGRADING to ring of resist corrosion.
  1587 | D:2      | 1587 ||| READING 2 scrolls labelled EMAZIALAOH.
  1590 | D:2      | 1590 ||| READING scroll labelled BOUCRI REUWKIU.
  1591 | D:2      | 1591 ||| READING scroll labelled QOGGIZ HUIKHLUFFU.
  1592 | D:2      | 1592 ||| READING scroll labelled QIAKKO XIFURA.
  1593 | D:2      | 1593 ||| DRINKING 2 black potions.
  1618 | D:3      | 1618 ||| STAIRDANCE
  1662 | D:3      | HP: 3/24 [orc priest/divine providence (10)]
  1663 | D:3      | 1663 ||| READING scroll of teleportation.
  1663 | D:3      | Slain by an orc

Levels and vault maps discovered:
D:1:      psy_arrival_terrarium, layout_basic
D:2:      cheibrodos_pilgrimage, layout_basic, serial_bayou_lake_a,
          uniq_natasha, uniq_robin
D:3:      layout_rooms, mainiacjoe_overflow_two_lobes, uniq_sigmund

Skill      XL: |  1  2  3  4  5 |
---------------+----------------+-----
Ranged Weapons | 6 7 8 9 |  9.0
Fighting       | |  1.5
Dodging        | |  2.9
Stealth        | |  1.2

Action                     |  1- 3 |  4- 6 || total
---------------------------+-------+-------++-------
   Fire: Shortbow          |    56 |   116 ||   172
    Use: Scroll            |     5 |     5 ||    10
         Potion            |       |     1 ||     1
 Armour: Leather armour    |     3 |       ||     3
         Ring mail         |    11 |    31 ||    42
  Dodge: Dodged            |     7 |    42 ||    49

Table legend:
 A = Non-vault XP
 B = Vault XP
 C = Vault XP percentage of total XP
 D = Non-vault monster count
 E = Vault monster count
 F = Vault count percentage of total count
                 A         B        C        D         E       F
            +---------+---------+-------+---------+---------+-------
      Total |     149 |     170 |  53.3 |      41 |      17 |  29.3
            +---------+---------+-------+---------+---------+-------
        D:1 |      21 |       0 |   0.0 |      13 |       0 |   0.0
        D:2 |     101 |     170 |  62.7 |      18 |      17 |  48.6
        D:3 |      27 |       0 |   0.0 |      10 |       0 |   0.0
            +---------+---------+-------+---------+---------+-------
